 Dungeon Crawl Stone Soup version 0.27-a0-1548-gf8a67e7463 (webtiles) character file.

Game seed: 9827600666975962355

69 MisterAzrael the Chucker (level 4, -2/44 HPs)
             Began as an Ogre Hunter on July 14, 2021.
             Slain by a worm (7 damage)
             ... on level 1 of the Dungeon.
             The game lasted 00:01:45 (1314 turns).

MisterAzrael the Chucker (Ogre Hunter)              Turns: 1314, Time: 00:01:45

Health: -2/44      AC:  3    Str: 17    XL:     4   Next: 20%
Magic:  4/4        EV:  9    Int: 12    God:
Gold:   52         SH:  0    Dex:  9    Spells: 3/3 levels left

rFire    . . .     SeeInvis .   a - +0 short sword
rCold    . . .     Faith    .   (no shield)
rNeg     . . .     Spirit   .   b - +0 robe
rPois    .         Reflect  .   (helmet restricted)
rElec    .         Harm     .   (no cloak)
rCorr    .         Rampage  .   (gloves unavailable)
Will     .....                  (boots unavailable)
Stlth    +.........             (no amulet)
HPRegen  0.14/turn              (no ring)
MPRegen  0.09/turn              (no ring)

@: no status effects
A: large, unfitting armour, tough skin 1
a: no special abilities


You were on level 1 of the Dungeon.
You visited 1 branch of the dungeon, and saw 2 of its levels.

You collected 52 gold pieces.

Inventory:

Hand Weapons
 a - a +0 short sword (weapon)
Missiles
 d - a throwing net (quivered)
 f - 7 sling bullets
Armour
 b - a +0 robe (worn)
 e - a +0 cloak
Scrolls
 g - 2 scrolls of identify {unknown}
 h - a scroll of amnesia {unknown}


   Skills:
 - Level 2.6 Fighting
 + Level 5.6 Throwing
 - Level 1.7 Dodging
 - Level 0.6 Stealth


You had 3 spell levels left.
You didn't know any spells.
Your spell library was empty.

Dungeon Overview and Level Annotations

Branches:
Dungeon (2/15)

Altars:


Innate Abilities, Weirdness & Mutations

You are too large for most types of armour.
You have tough skin. (AC +1)


Message History

Aim: an orc priest, wielding a +0 whip and wearing a +0 leather armour (57% to hit)
You throw a large rock.
The large rock closely misses the orc priest.
The orc wizard gestures at you while chanting.
The puff of flame hits you! The orc priest misses you.
Throw: 3 large rocks
Press: ? - help, Q - select action, (/) - cycle Shift-Dir - straight line, f/p - orc priest
Aim: an orc priest, wielding a +0 whip and wearing a +0 leather armour (57% to hit)
You throw a large rock. The large rock hits the orc priest!!
You kill the orc priest!
The orc wizard hits you but does no damage.
The orc hits you with a +0 whip.
The orc wizard hits you with a +0 dagger.
The orc hits you with a +0 whip. The worm closely misses you.
You have reached level 4!
Throw: 2 large rocks
Press: ? - help, Q - select action, (/) - cycle Shift-Dir - straight line, f - orc wizard
Aim: an orc wizard, wielding a +0 dagger and wearing a +0 robe (50% to hit)
You throw a large rock.
The large rock closely misses the orc wizard.
The orc wizard hits you but does no damage.
The orc barely misses you. The orc wizard closely misses you.
The orc barely misses you. The worm barely misses you.
The orc wizard hits you with a +0 dagger.
The orc hits you with a +0 whip.
You climb upwards.
There is a stone staircase leading down here.
Throw: large rock
Press: ? - help, Q - select action, (/) - cycle Shift-Dir - straight line, f - worm
Aim: a worm (77% to hit)
You throw a large rock. The large rock barely misses the worm.
The large rock closely misses the orc wizard.
The orc closely misses you. The worm bites you.
* * * LOW HITPOINT WARNING * * *
You hit the orc but do no damage. The orc barely misses you.
The worm closely misses you. The orc barely misses you.
You hit the orc but do no damage. The orc hits you with a +0 whip.
* * * LOW HITPOINT WARNING * * *
You hit the orc but do no damage. The worm bites you!
You die... .##### #..## P.P...## .# #..#..P......# .# #..# .#####b.# .#######..# #...#..######### .# PP.

#..####...# ##.......# .#####
#...##....###.######.#
.#.#.###...##.####....# #.#
.#.^...#...##.####.#..# #.#
.........(....ow@#.#..# #.#
.....#.#########o#.#..# #.#
.....#.#########.#.#..#####.#
.....#...........#.#..#.....#
........##########.#..#.#####
........'..........#..#.#
........#####.########..#
........# #.# ### #..#
####+#### #.##...P #..#


You could see a worm, an orc wizard and an orc.

Vanquished Creatures
  An orc priest (D:2)
  A dart slug (D:1)
  A ball python (D:1)
  2 bats (D:1)
  9 endoplasms (D:1)
  2 giant cockroaches (D:1)
  A hobgoblin (D:1)
  2 jackals (D:1)
  3 kobolds (D:1)
  3 quokkas (D:1)
  2 frilled lizards (D:1)
  2 goblins (D:1)
  5 rats (D:1)
34 creatures vanquished.

Notes
Turn   | Place    | Note
-------+----------+-------------------------------------------
     0 | D:1      | MisterAzrael the Ogre Hunter began the quest for the Orb.
     0 | D:1      | Reached XP level 1. HP: 22/22 MP: 1/1
   111 | D:1      | Reached XP level 2. HP: 29/29 MP: 2/2
   515 | D:1      | Reached XP level 3. HP: 26/36 MP: 3/3
   789 | D:1      | Reached skill level 5 in Throwing
  1308 | D:2      | Reached XP level 4. HP: 22/44 MP: 4/4
  1314 | D:1      | Slain by a worm

Illustrated notes

Levels and vault maps discovered:
D:1:      dpeg_arrival_tiny_d, layout_basic, serial_aquarium,
          aquarium_bridge_square [aquarium_subvault_bridge,
          aquarium_subvault_wall, aquarium_subvault_balcony,
          aquarium_subvault_bridge], aquarium_window_fake, aquarium_window_1,
          aquarium_window_1, aquarium_window_fake, aquarium_view_2f,
          aquarium_balcony_3a, st_stairs_2
D:2:      layout_basic

Skill      XL: |  1  2  3 |
---------------+----------+-----
Throwing       | 5 |  5.6
Fighting       | |  2.6
Dodging        | |  1.7
Stealth        | |  0.6

Action                   |  1- 3 |  4- 6 || total
-------------------------+-------+-------++-------
Melee: Short sword       |    40 |     3 ||    43
Throw: Large rock        |    43 |     2 ||    45
       Throwing net      |     1 |       ||     1
 Stab: Held in net/web   |     1 |       ||     1
Armor: Robe              |    26 |     1 ||    27
Dodge: Dodged            |    35 |     8 ||    43

Table legend: (Time is in decaauts)
 A = Elapsed time spent in this place.
 B = Non-inter-level travel time spent in this place.
 C = Inter-level travel time spent in this place.
 D = Time resting spent in this place.
 E = Time spent auto-exploring this place.
 F = Levels seen in this place.
 G = Mean time per level.
                   A        B        C        D        E       F      G
               +--------+--------+--------+--------+--------+-----+--------+
         Total |   1352 |   1343 |      9 |    138 |    970 |   2 |  676.0 |
       Dungeon |   1352 |   1343 |      9 |    138 |    970 |   2 |  676.0 |
               +--------+--------+--------+--------+--------+-----+--------+

Top non-repeatable levels by time:
     D:1: 1345 daAuts
     D:2: 7 daAuts
